 Dungeon Crawl Stone Soup version 0.30-b1-2-g02819fbbbe (webtiles) character file.

Game seed: 13011243989063002547

56970 redmage the Stormcaller (level 15, -16/104 HPs)
             Began as a Meteoran Earth Elementalist on Aug 3, 2023.
             Was the Champion of Cheibriados.
             Demolished by a merfolk
             ... wielding a +0 glaive
             ... led by a merfolk impaler
              (21 damage)
             ... on level 1 of the Shoals.
             The game lasted 01:57:13 (5933 turns).

redmage the Stormcaller (MeEE)                      Turns: 5933, Time: 01:57:14

Health: -16/104    AC: 16    Str: 28    XL:     15   Next: 67%
Magic:  17/28      EV: 16    Int: 35    God:    Cheibriados [******]
Gold:   1088       SH:  5    Dex: 37    Spells: 3/30 levels left

rFire   . . .        a - +2 demon trident (vamp)
rCold   . . .        (no shield)
rNeg    + . .        B - +1 chain mail of Peekha {*Slow rN+ Regen+ SInv}
rPois   .            (no helmet)
rElec   .            h - +1 cloak
rCorr   .            K - +0 pair of gloves
SInv    +            (no boots)
Will    +....        d - amulet of reflection
Stlth   +            H - ring of the Salamander {Fly Dex+3}
HPRegen 1.17/turn    C - +4 ring of protection
MPRegen 0.21/turn

%: slow self (1%), reflection
@: flying, glowing, very slow
A: sense surroundings 2, otherworldly, glowing, explore regen, thin skeletal
structure 1
a: Renounce Religion, Bend Time, Temporal Distortion, Slouch, Step From Time


You were on level 1 of the Shoals.
You worshipped Cheibriados.
Cheibriados was exalted by your worship.
You visited 4 branches of the dungeon, and saw 21 of its levels.
You also visited: Ossuary and Ice Cave.

You collected 1088 gold pieces.

Inventory:

Hand Weapons
 a - a +2 vampiric demon trident (weapon)
 c - the +6 mace "Killer Klown's Bane" {flame, rF++ Str+3 Int+3}
   (You took it off a centaur on level 6 of the Dungeon)

   Str:       It affects your strength (+3).
   Int:       It affects your intelligence (+3).
   rF:        It greatly protects you from fire.
 w - a +5 dire flail of electrocution
 P - a +5 heavy great mace
Missiles
 m - 5 boomerangs
 x - 2 curare-tipped darts
Armour
 h - a +1 cloak (worn)
 q - +0 steam dragon scales
 B - the +1 chain mail of Peekha (worn) {*Slow rN+ Regen+ SInv}
   (You found it on level 3 of the Lair of Beasts)

   rN:        It protects you from negative energy.
   SInv:      It lets you see invisible.
   Regen:     It increases your rate of health regeneration.
   *Slow:     It may slow you when you take damage.
 G - a +2 leather armour of resistance
 K - a +0 pair of gloves (worn)
Magical Staves
 J - a staff of cold
Jewellery
 d - an amulet of reflection (around neck)
 f - a ring of magical power
 j - a ring of ice
 C - a +4 ring of protection (right hand)
 H - the ring of the Salamander (left hand) {Fly Dex+3}
   (You found it in an ice cave)

   [ring of flight]

   Dex:       It affects your dexterity (+3).
   Fly:       It grants you flight.
 N - a ring of fire
Wands
 n - a wand of mindburst (11)
 o - a wand of paralysis (5)
 p - a wand of acid (7)
 y - a wand of polymorph (1)
 D - a wand of roots (7)
 E - a wand of flame (20)
Scrolls
 e - 2 scrolls of enchant weapon
 g - 2 scrolls of identify
 i - 6 scrolls of immolation
 k - a scroll of enchant armour
 s - 3 scrolls of vulnerability
 v - 2 scrolls of poison
 A - 3 scrolls of amnesia
 F - 2 scrolls of brand weapon
 O - 5 scrolls of magic mapping
 R - a scroll of fog
 S - a scroll of fear
Potions
 b - 2 potions of magic
 l - 3 potions of berserk rage
 r - 2 potions of mutation
 t - 4 potions of brilliance
 u - 9 potions of curing
 z - 4 potions of flight
 I - a potion of degeneration {unknown}
 L - a potion of lignification
 M - 2 potions of might
 Q - 2 potions of ambrosia


   Skills:
 - Level 2.2 Fighting
 - Level 0.1(5.2) Axes
 - Level 7.1 Maces & Flails
 - Level 5.2 Polearms
 - Level 6.1 Dodging
 - Level 1.4 Stealth
 - Level 8.2 Spellcasting
 - Level 11.3 Conjurations
 - Level 14.0 Summonings
 - Level 3.0 Translocations
 - Level 2.1 Transmutations
 - Level 16.6 Air Magic
 - Level 10.9 Earth Magic
 + Level 8.4 Invocations


You had 3 spell levels left.
You knew the following spells:

 Your Spells              Type           Power      Damage    Failure   Level
a - Sandblast             Erth           100%       2d20      1%          1
b - Passwall              Tmut/Erth      46%        N/A       1%          2
c - Stone Arrow           Conj/Erth      100%       3d13      1%          3
d - Summon Cactus Giant   Summ           42%        N/A       8%          6
e - Petrify               Tmut/Erth      56%        N/A       10%         4
f - Vhi's Electric Charg  Tloc/Air       100%       N/A       1%          3
g - Maxwell's Capacitive  Air            46%        ∞         71%         8

Your spell library contained the following spells:

 Spells                   Type           Power      Damage    Failure   Level
 Magic Dart               Conj           100%       1d8       1%          1
 Call Imp                 Summ           100%       N/A       1%          2
 Mephitic Cloud           Conj/Pois/Air  68%        N/A       1%          3
 Scorch                   Fire           28%        2d6       22%         2
 Arcjolt                  Conj/Air       42%        1d52      1%          5
 Flame Wave               Conj/Fire      52%        2d13      14%         4
 Summon Horrible Things   Summ           42%        N/A       97%         8
 Malign Gateway           Summ/Tloc      32%        N/A       98%         7
 Chain Lightning          Conj/Air       42%        3d56      100%        9
 Fire Storm               Conj/Fire      26%        8d7       100%        9
 Shatter                  Erth           37%        3d29*     100%        9


Dungeon Overview and Level Annotations

Branches:
Dungeon (14/15) Zot: 7690  Temple (1/1) D:5 Zot: 794    Lair (5/5) D:10 Zot: 1303
 Shoals (1/4) Lair:3 Zot: 886  Spider (0/4) Lair:3        Slime (0/5) Lair:5
 Vaults (0/5) D:14        Ossuary (visited)           IceCv (visited)
    Orc: D:9-12

Altars:
Ashenzari
Cheibriados
Dithmenos
Fedhas
Hepliaklqana
Kikubaaqudgha
Makhleb
Nemelex Xobeh
Okawaru
Qazlal
Ru
Sif Muna
Trog
Uskayaw
Zin

Shops:
D:10 =

Annotations:
D:2 exclusion: upstairs
D:3 exclusion: upstairs
D:4 exclusion: upstairs
D:6 4 runed translucent doors
D:8 exclusion: 2 upstairs
D:10 exclusion: upstairs
D:11 exclusion: 2 upstairs
D:12 exclusion: upstairs
Lair:4 3 runed translucent doors, exclusion: downstairs, Fiha's ghost, journeyman VSTm


Innate Abilities, Weirdness & Mutations

You passively map the area around you.
You are easily found by Zot.
You glow in the dark.
You regain HP and MP as you explore.
You have a somewhat thin skeletal structure. (Dex +2, Stealth+)


Message History

The merfolk hits you from afar with a +0 spear.
The merfolk impaler hits you but does no damage.
The merfolk hits you from afar with a +1 glaive of freezing!!
The merfolk freezes you.
The merfolk hits you from afar with a +0 glaive!
Your cactus giant closely misses the merfolk.
Unknown command.
You struggle against the net.
The merfolk impaler hits you but does no damage.
The merfolk barely misses you.
The merfolk hits you from afar with a +1 glaive of freezing!
The merfolk freezes you.
The merfolk hits you from afar with a +0 glaive!
The merfolk impaler hits you but does no damage.
You struggle against the net.
The merfolk hits you but does no damage.
The merfolk impaler hits you from afar with a +0 trident.
The merfolk closely misses you.
The merfolk hits you from afar with a +1 glaive of freezing!
* * * LOW HITPOINT WARNING * * *
The merfolk freezes you.
* * * LOW HITPOINT WARNING * * *
The merfolk closely misses you.
You rip the net and break free!
The merfolk impaler hits you but does no damage.
The merfolk barely misses you. The merfolk misses you.
The merfolk impaler completely misses you.
The merfolk hits you from afar with a +1 glaive of freezing!
* * * LOW HITPOINT WARNING * * *
The merfolk freezes you.
* * * LOW HITPOINT WARNING * * *
The merfolk hits you from afar with a +0 glaive!
* * * LOW HITPOINT WARNING * * *
Your cactus giant misses the merfolk.
Unknown command.
The merfolk impaler misses you.
The merfolk hits you but does no damage.
You block the merfolk's attack. The merfolk barely misses you.
The merfolk hits you from afar with a +0 glaive!!
You die...

≈≈≈≈≈≈≈≈≈≈≈≈≈≈ ~
~ ≈≈≈≈≈≈~~~~~≈≈≈
≈ ~
≈≈≈≈≈~~~~~~~≈~≈≈
~ ~ ≈≈≈≈~~~~~~~~
~≈≈~ ~~
≈≈≈~~~~~~~~ ~~~≈
~ ~ ≈≈≈~~~~~..
.~~~≈ ~ ~
≈≈~~~~~~.#..~~~≈
~ ~
≈~~~~~~......~~~
~ ~~
~~~~~~~~@......~~
~
~~~~~mC...###.~~
~ ~~~~~mmmm.# ,
~~ ~ ~
~~≈~~~~~~~..#* ,
~~ ~≈≈~~~~~~...
,,* , ~ ~
≈≈~~~~~~...., * ~
~≈≈~~~~~~.##.. *
~ ~≈~~~~~~~..,.##
~ ~ ~~ ~ , ,,


You could see a merfolk impaler, 4 merfolk and a friendly cactus giant
(summoned).

Vanquished Creatures
  Rupert (Lair:5)
  A fire dragon (Lair:5)
  2 centaur warriors (D:13)
  2 two-headed ogres
  6 hydras
  3 death yaks
  A tengu warrior (D:11)
  2 skeletal warriors
  A skyshark (Lair:5)
  Pikel (D:8)
  A deep elf pyromancer (D:11)
  A lindwurm (Lair:5)
  An ugly thing (D:12)
  A manticore (D:12)
  A cyclops (D:11)
  An elephant (Lair:4)
  3 black mambas
  7 cane toads
  2 molten gargoyles (Lair:5)
  2 ice statues (IceCv)
  4 rime drakes
  8 komodo dragons
  An anaconda simulacrum (IceCv)
  A kobold demonologist (D:12)
  4 ice devils (IceCv)
  A polar bear (D:10)
  A nameless horror (Lair:5)
  2 trolls
  A dream sheep (Lair:3)
  3 blink frogs (Lair:2)
  A slime creature (D:14)
  9 yaks
  A wraith (D:10)
  5 basilisks
  2 wyverns
  5 steam dragons
  A harpy simulacrum (IceCv)
  2 acid dragons (D:10)
  2 hydra simulacra (IceCv)
  9 water moccasins
  3 orc warriors
  4 ice beasts
  A sky beast (D:6)
  3 wolves
  2 black bears
  7 centaurs
  3 ogres
  3 lemures (D:8)
  2 phantoms
  2 kobold brigands
  3 elf zombies (Ossuary)
  7 bullfrogs
  3 scorpions
  A gnoll sergeant (D:6)
  5 wights (D:6)
  2 electric eels
  A centaur zombie (Ossuary)
  3 lava snakes (Lair:5)
  4 orc priests
  A human zombie (Ossuary)
  4 gnoll boudas
  2 hounds
  2 iguanas (D:6)
  2 jellies
  3 sleepcaps
  9 orc wizards
  A spriggan simulacrum (IceCv)
  2 mummies (Ossuary)
  15 gnolls
  5 adders
  A shadow imp (D:6)
  3 white imps (D:7)
  An ufetubus (IceCv)
  An adder zombie (Ossuary)
  A dart slug (D:3)
  19 orcs
  A ball python (D:4)
  6 endoplasms
  A giant cockroach (D:4)
  3 goblins
  5 hobgoblins
  6 kobolds
  A quokka (D:3)
  3 bats
  A frilled lizard (D:3)
  3 goblin zombies (Ossuary)
  6 hobgoblin zombies (Ossuary)
  10 kobold zombies (Ossuary)
  4 orc zombies (Ossuary)
  A rat (D:1)
  A rat zombie (Ossuary)
286 creatures vanquished.

Vanquished Creatures (collateral kills)
  A reaper (IceCv)
  An ogre mage (D:14)
  2 two-headed ogres
  A boulder beetle (D:11)
  6 death yaks
  A skyshark (Lair:5)
  A sea snake (Shoals:1)
  A deep elf pyromancer (D:13)
  An orc knight (D:11)
  An ugly thing (D:11)
  2 elephants (Lair:4)
  6 black mambas
  A gargoyle (D:11)
  6 cane toads
  A torpor snail (Lair:5)
  8 komodo dragons
  A nameless horror (D:12)
  An efreet (D:11)
  4 ice devils (IceCv)
  A hornet (Lair:5)
  6 dream sheep (Lair:3)
  A blink frog (Lair:2)
  4 slime creatures
  3 wraiths
  5 yaks
  4 basilisks
  3 dire elephant simulacra (IceCv)
  4 vampire mosquitoes (D:13)
  2 harpy simulacra (IceCv)
  3 hell hounds (Lair:5)
  4 water moccasins
  A hydra simulacrum (IceCv)
  3 wolves (Lair:2)
  A bullfrog (Lair:4)
  2 lava snakes (Lair:5)
  6 jellies (Lair:4)
  A spriggan simulacrum (IceCv)
  An orc (D:11)
  5 endoplasms (Lair:4)
106 creatures vanquished.

Vanquished Creatures (others)
  A bush (Lair:5)
  31 fungi
  24 plants
56 creatures vanquished.

Grand Total: 448 creatures vanquished

Notes
Turn   | Place    | Note
-------+----------+-------------------------------------------
     0 | D:1      | redmage the Meteoran Earth Elementalist began the quest for
                  | the Orb.
     0 | D:1      | Reached XP level 1. HP: 14/14 MP: 5/5
    33 | D:1      | Reached XP level 2. HP: 18/20 MP: 0/6
    86 | D:1      | Learned a level 2 spell: Passwall
   150 | D:3      | Reached XP level 3. HP: 26/26 MP: 8/8
   178 | D:3      | Learned a level 3 spell: Stone Arrow
   316 | D:4      | Reached XP level 4. HP: 33/33 MP: 9/9
   378 | D:5      | Entered Level 5 of the Dungeon
   383 | D:5      | Reached skill level 1 in Conjurations
   389 | D:5      | Noticed a phantom
   396 | D:5      | Killed a phantom
   397 | D:5      | Reached skill level 5 in Earth Magic
   397 | D:5      | Reached XP level 5. HP: 32/38 MP: 10/10
   429 | D:4      | Reached XP level 6. HP: 42/45 MP: 11/11
   629 | D:4      | Reached XP level 7. HP: 26/50 MP: 12/12
   656 | D:4      | Reached skill level 5 in Conjurations
   803 | D:5      | Reached XP level 8. HP: 49/57 MP: 13/13
   992 | D:6      | Noticed a steam dragon
   995 | D:6      | Killed a steam dragon
  1031 | D:6      | Found a large runed translucent door.
  1031 | D:6      | Found a large runed translucent door.
  1033 | D:6      | Noticed a shadow
  1033 | D:6      | Noticed a vampire mosquito
  1066 | D:6      | Identified the +6 mace "Killer Klown's Bane" {flame, rF++
                  | Str+3 Int+3}
  1084 | D:6      | Gained mutation: You passively map the area around you.
                  | [Meteoran growth]
  1084 | D:6      | Reached XP level 9. HP: 30/62 MP: 0/14
  1110 | D:6      | Found a large runed translucent door.
  1110 | D:6      | Found a large runed translucent door.
  1130 | D:6      | Gained mutation: You have a somewhat thin skeletal
                  | structure. (Dex +2, Stealth+) [potion of mutation]
  1193 | D:6      | Reached skill level 10 in Earth Magic
  1209 | D:6      | Found a sand-covered staircase.
  1216 | Ossuary  | Entered an ossuary
  1278 | Ossuary  | Reached skill level 1 in Maces & Flails
  1448 | D:6      | Reached skill level 10 in Conjurations
  1448 | D:6      | Reached XP level 10. HP: 69/69 MP: 9/15
  1638 | D:7      | Learned a level 4 spell: Petrify
  1719 | D:7      | Found a broken altar of Ashenzari.
  1739 | D:8      | Reached skill level 5 in Dodging
  1824 | D:7      | Reached skill level 5 in Maces & Flails
  1856 | D:7      | Found a hide-covered altar of Uskayaw.
  1933 | D:5      | Found a staircase to the Ecumenical Temple.
  1940 | Temple   | Entered the Ecumenical Temple
  1989 | Temple   | Became a worshipper of Cheibriados the Contemplative
  2063 | D:8      | Identified a scroll of acquirement
  2063 | D:8      | Acquired a book of Annihilations
  2070 | D:8      | Noticed Pikel
  2076 | D:8      | Killed Pikel
  2077 | D:8      | Reached skill level 1 in Fighting
  2184 | D:9      | Reached skill level 1 in Invocations
  2239 | D:9      | Reached XP level 11. HP: 76/79 MP: 16/16
  2251 | D:9      | Learned a level 6 spell: Summon Cactus Giant
  2253 | D:10     | Entered Level 10 of the Dungeon
  2259 | D:10     | Reached * piety under Cheibriados
  2260 | D:10     | Reached skill level 1 in Summonings
  2307 | D:10     | Found Dufeingu's Jewellery Emporium.
  2319 | D:11     | Reached skill level 5 in Summonings
  2444 | D:10     | Reached ** piety under Cheibriados
  2469 | D:10     | Found a glowing silver altar of Zin.
  2554 | D:10     | Found a staircase to the Lair.
  2583 | Lair:1   | Entered Level 1 of the Lair of Beasts
  2635 | Lair:1   | Noticed a death yak
  2810 | Lair:2   | Reached skill level 10 in Summonings
  2811 | Lair:2   | Noticed a four-headed hydra
  2816 | Lair:2   | Killed a four-headed hydra
  2824 | Lair:2   | Reached XP level 12. HP: 33/85 MP: 1/17
  2981 | Lair:3   | Reached skill level 5 in Spellcasting
  2999 | Lair:3   | Reached *** piety under Cheibriados
  3049 | Lair:4   | Found a frozen archway.
  3058 | Lair:4   | Learned a level 3 spell: Vhi's Electric Charge
  3064 | IceCv    | Entered an ice cave
  3072 | IceCv    | Reached skill level 1 in Air Magic
  3074 | IceCv    | Reached skill level 1 in Translocations
  3086 | IceCv    | Reached skill level 2 in Air Magic
  3114 | IceCv    | Reached skill level 3 in Air Magic
  3242 | IceCv    | Reached skill level 4 in Air Magic
  3319 | IceCv    | Reached skill level 5 in Air Magic
  3362 | IceCv    | Reached XP level 13. HP: 59/92 MP: 1/24
  3386 | IceCv    | Reached skill level 6 in Air Magic
  3431 | IceCv    | Noticed a reaper
  3435 | IceCv    | Killed a reaper
  3435 | IceCv    | Reached **** piety under Cheibriados
  3438 | IceCv    | Identified the ring of the Salamander {Fly Dex+3}
  3509 | IceCv    | Reached skill level 7 in Air Magic
  3578 | Lair:5   | Entered Level 5 of the Lair of Beasts
  3578 | Lair:5   | Noticed a four-headed hydra
  3583 | Lair:5   | Killed a four-headed hydra
  3602 | Lair:4   | Reached skill level 8 in Air Magic
  3652 | Lair:5   | Found a staircase to the Slime Pits.
  3678 | Lair:5   | Reached skill level 9 in Air Magic
  3748 | Lair:5   | Paralysed by a hornet for 3 turns
  3748 | Lair:5   | HP: 2/92 [hornet (8)]
  3776 | Lair:5   | Reached skill level 10 in Air Magic
  3780 | Lair:5   | Reached ***** piety under Cheibriados
  3873 | Lair:5   | Identified the +1 ring mail "Jawigome" {*Corrode Str+5
                  | Dex+2}
  3886 | Lair:5   | Learned a level 8 spell: Maxwell's Capacitive Coupling
  3912 | Lair:5   | Reached skill level 1 in Polearms
  3917 | Lair:5   | Noticed a death yak
  3923 | Lair:5   | Reached skill level 11 in Air Magic
  3942 | Lair:5   | Killed a death yak
  3944 | Lair:5   | Noticed a death yak
  3948 | Lair:5   | Noticed a death yak
  3950 | Lair:5   | Killed a death yak
  3954 | Lair:5   | Killed a death yak
  3958 | Lair:5   | Noticed a death yak
  3965 | Lair:5   | Killed a death yak
  3989 | Lair:5   | Reached skill level 12 in Air Magic
  3989 | Lair:5   | Noticed a four-headed hydra
  3997 | Lair:5   | Killed a four-headed hydra
  4000 | Lair:5   | Reached XP level 14. HP: 54/99 MP: 10/27
  4036 | Lair:5   | Found a hazy altar of Hepliaklqana.
  4140 | Lair:5   | Noticed Rupert
  4163 | Lair:5   | Killed Rupert
  4164 | Lair:5   | Reached skill level 5 in Polearms
  4164 | Lair:5   | Reached skill level 13 in Air Magic
  4358 | Lair:5   | Found a large runed translucent door.
  4358 | Lair:5   | Found a large runed translucent door.
  4386 | Lair:5   | Reached skill level 14 in Air Magic
  4411 | Lair:5   | Noticed a fire dragon
  4432 | Lair:5   | Killed a fire dragon
  4538 | Lair:4   | Found a runed translucent gate.
  4538 | Lair:4   | Found a runed translucent gate.
  4538 | Lair:4   | Found a runed translucent gate.
  4538 | Lair:4   | Noticed Fiha's ghost (journeyman VSTm)
  4583 | Lair:4   | Reached skill level 15 in Air Magic
  4658 | Lair:3   | Reached skill level 16 in Air Magic
  4677 | Lair:3   | Reached ****** piety under Cheibriados
  4746 | Lair:3   | Found a hole to the Spider Nest.
  4817 | Lair:3   | Identified the +1 chain mail of Peekha {*Slow rN+ Regen+
                  | SInv}
  4869 | Lair:2   | Reached XP level 15. HP: 104/104 MP: 28/28
  5562 | D:13     | Reached skill level 5 in Invocations
  5604 | D:14     | Found a gate to the Vaults.
  5920 | Lair:3   | Found a staircase to the Shoals.
  5922 | Shoals:1 | Entered Level 1 of the Shoals
  5932 | Shoals:1 | HP: 3/104 [merfolk/+0 glaive[a merfolk impaler] (7)]
  5933 | Shoals:1 | Demolished by a merfolk

Illustrated notes

Levels and vault maps discovered:
D:1:      tarquinn_simple_flora_water_d, layout_rooms, st_stairs_7,
          grunt_decor_cap, minivault_5, minmay_unequal
D:2:      minmay_diamond_boxcup, layout_basic, serial_aquarium,
          aquarium_bridge_square [aquarium_subvault_bridge,
          aquarium_subvault_bridge, aquarium_subvault_wall,
          aquarium_subvault_wall], aquarium_bridge_straight
          [aquarium_subvault_bridge, aquarium_subvault_window,
          aquarium_subvault_bridge, aquarium_subvault_wall],
          aquarium_window_fake, aquarium_window_fake, aquarium_window_1,
          aquarium_window_1, aquarium_view_2d, aquarium_pool_2, basic_altar,
          minmay_tromino_v7
D:3:      layout_rooms, fountainhead
D:4:      minmay_octagon_keep, layout_loops_corners, kennysheep_generic_room_5
D:5:      layout_basic, lemuel_doored_altar, temple_green, uniq_duvessa
D:6:      layout_basic, lightli_ossuary_entry_decrepit_ruins,
          minmay_hollow_rounded_squares
D:7:      layout_basic, kennysheep_little_box, lemuel_crystal_altar,
          due_unseen_surprise
D:8:      layout_basic, tso_oasis_becter, uniq_pikel
D:9:      layout_loops_corners, grunt_ministairs_10
D:10:     layout_basic, mainiacjoe_overflow_six_doors_small,
          hellmonk_lair_entry_icy, serial_shops, nicolae_shop_window_shopping
D:11:     layout_basic, minmay_fractal_squares_gapless_7, uniq_nergalle
D:12:     layout_roguey, david_orc_2, minmay_misc_feat_four_crosses
D:13:     layout_layer_cave, nicolae_fountain_basement
D:14:     layout_basic, david_vaults_2, grunt_decor_fettered
Temple:   bh_familiar_temple
Lair:1:   layout_roguey, minmay_holes
Lair:2:   layout_small_grid, beast_lair_carwin_5
Lair:3:   layout_gridlike, elwin_shoals_entry_rooms, spider_nest_entry_webs,
          chequers_serial_rivers_micro_d, grunt_megastairs_4, uniq_snorg
Lair:4:   lemuel_slime, layout_misc_corridors, ebering_ghost_rock_garden,
          portal_ice_cave_entry_pillars_1
Lair:5:   cheibrodos_lair_end_hotspot, layout_concentric_octagons,
          slime_entry_1, basic_altar, pdpol_lair_cavern_descent,
          lemuel_fruit_tree, serial_bayou_shore_b, uniq_rupert
Shoals:1: layout_shoals, regret_index_shoals_crete, uniq_aizul

Skill      XL: |  1  2  3  4  5  6  7  8  9 10 11 12 13 14 15 |
---------------+----------------------------------------------+-----
Earth Magic    | 4 5 6 7 9 10 | 10.9
Spellcasting   | 3 7 8 |  8.2
Transmutations | 2 |  2.1
Conjurations   | 2 3 4 5 7 10 11 | 11.3
Maces & Flails | 3 6 7 |  7.1
Dodging        | 3 6 |  6.1
Fighting       | 2 |  2.2
Invocations    | 1 3 8 |  8.4
Summonings     | 10 12 14 | 14.0
Air Magic      | 5 12 16 | 16.6
Translocations | 3 |  3.0
Polearms       | 4 5 |  5.2
Axes           | |  0.1
Stealth        | |  1.4

Action                     |  1- 3 |  4- 6 |  7- 9 | 10-12 | 13-15 || total
---------------------------+-------+-------+-------+-------+-------++-------
  Melee: Long sword        |       |       |    13 |       |       ||    13
         Mace              |       |       |    51 |    91 |    79 ||   221
         Punch             |       |       |     2 |     2 |     7 ||    11
         Demon trident     |       |       |       |       |    98 ||    98
   Cast: Sandblast         |    28 |    19 |    45 |    47 |     6 ||   145
         Stone Arrow       |       |    10 |    57 |   134 |   142 ||   343
         Passwall          |       |       |     4 |    13 |    21 ||    38
         Summon Cactus Gia |       |       |       |    19 |    65 ||    84
         Petrify           |       |       |       |       |     2 ||     2
         Vhi's Electric Ch |       |       |       |       |     1 ||     1
  Evoke: Wand              |       |       |     1 |     4 |     5 ||    10
    Use: Scroll            |       |     7 |     2 |    10 |     9 ||    28
         Potion            |       |       |     2 |     1 |     5 ||     8
   Stab: Sleeping          |       |       |     2 |       |     1 ||     3
         Distracted        |       |       |       |     1 |     3 ||     4
         Petrified         |       |       |       |       |     3 ||     3
 Armour: Robe              |    12 |     4 |     2 |       |       ||    18
         Steam dragon scal |       |       |    34 |    34 |       ||    68
         Leather armour    |       |       |       |     4 |    71 ||    75
         Chain mail        |       |       |       |       |    59 ||    59
  Dodge: Dodged            |    31 |     4 |    60 |   100 |   199 ||   394
  Block: Other             |       |       |    11 |    21 |    70 ||   102
         Reflection        |       |       |     1 |     1 |     2 ||     4
